 Dungeon Crawl Stone Soup version 0.20.0-10-g0535bb4 (webtiles) character file.

277 synek the Skirmisher (level 6, 0/57 HPs)
             Began as a Hill Orc Fighter on June 5, 2017.
             Slain by a gnoll
             ... wielding a +0 halberd
              (10 damage)
             ... on level 3 of the Dungeon on June 6, 2017.
             The game lasted 00:19:55 (3273 turns).

synek the Skirmisher (Hill Orc Fighter)             Turns: 3273, Time: 00:19:55

Health: 0/57       AC:  8    Str: 20    XL:     6   Next: 26%
Magic:  6/6        EV:  7    Int:  8    God:
Gold:   156        SH:  9    Dex: 11    Spells: 5/5 levels left

rFire    . . .     SeeInvis .   a - +0 war axe
rCold    . . .     Gourm    .   c - +0 shield
rNeg     . . .     Faith    .   b - +0 scale mail
rPois    .         Spirit   .   p - +0 helmet
rElec    .         Reflect  .   (no cloak)
rCorr    .         Harm     .   (no gloves)
MR       .....                  (no boots)
Stlth    ..........             (no amulet)
Regen    0.2/turn               (no ring)
MPRegen  0.1/turn               (no ring)

@: no status effects
A: no striking features
a: no special abilities


You were on level 3 of the Dungeon.
You were very hungry.

You visited 1 branch of the dungeon, and saw 3 of its levels.

You collected 156 gold pieces.

Inventory:

Hand Weapons
 a - a +0 war axe (weapon)
Armour
 b - a +0 scale mail (worn)
 c - a +0 shield (worn)
 g - a +0 helmet
 n - a +0 scale mail
 p - a +0 helmet (worn)
Wands
 u - a wand of digging (13/24)
Scrolls
 h - 3 scrolls of remove curse {unknown}
 i - a scroll of blinking {unknown}
 j - a scroll of immolation {unknown}
 k - a scroll of random uselessness {unknown}
 s - 2 scrolls of identify {unknown}
 t - a scroll of magic mapping {unknown}
Potions
 d - a potion of might
 e - a potion of curing
 l - 2 potions of degeneration {unknown}
 o - a potion of lignification {unknown}
 q - a potion of brilliance {unknown}
Comestibles
 f - 2 bread rations
 m - 4 fruits
 r - a meat ration
 v - 4 chunks of flesh


   Skills:
 * Level 6.1 Fighting
 + Level 4.9 Axes
 + Level 4.3 Armour
 - Level 3.9 Shields


You had 5 spell levels left.
You didn't know any spells.

Dungeon Overview and Level Annotations

Branches:
Dungeon (3/15)

Altars:
Fedhas
Nemelex Xobeh
Ru
Vehumet


Message History

The gnoll is heavily wounded.
The gnoll hits you but does no damage. The gnoll hits you with a halberd.
You block the gnoll's attack.
You hit the gnoll.
The gnoll is almost dead.
The gnoll hits you from afar with a spear.
The gnoll hits you with a halberd!
* * * LOW HITPOINT WARNING * * *
The gnoll hits you from afar with a halberd!
* * * LOW HITPOINT WARNING * * *
Things that are here:
a trident; a ring mail You feel better.
You block the gnoll's attack.
A gnoll is nearby!
You block the gnoll's attack.
You are feeling very hungry.
You hit the gnoll but do no damage.
The gnoll is almost dead.
You block the gnoll's attack. The gnoll hits you with a halberd!
You die...

...)..#...#..♣♣...#
)))#.##.......P...#
#'####......P♣..#.#
...#...#....♣P..#.#
#.##.###..#...(.#.#####
#'#..# #.>....###.....#
....## #.#....# #####.#
#.######.#(######.# #.#
#........#.#....@.# #.#
########.#.#.####g# #.#
#.#.#.#..#g# #.#
#.#...#.)#.# #.#
#.#####.)).# #.#
#.....#.#### #.#
#####.#g #.# #.####
###.# #....# #...#


You could see 2 gnolls.

Vanquished Creatures
  A gnoll sergeant (D:3)
  An orc wizard (D:3)
  6 gnolls (D:3)
  3 adders
  3 worms
  2 dart slugs
  2 leopard geckos (D:2)
  7 orcs (D:3)
  3 ball pythons
  3 giant cockroaches
  15 goblins
  5 hobgoblins
  11 bats
  3 frilled lizards
  9 kobolds
  10 rats
84 creatures vanquished.

Notes
Turn   | Place    | Note
-------+----------+-------------------------------------------
     0 | D:1      | synek the Hill Orc Fighter began the quest for the Orb.
     0 | D:1      | Reached XP level 1. HP: 19/19 MP: 1/1
   245 | D:1      | Reached XP level 2. HP: 27/27 MP: 2/2
   593 | D:1      | Reached XP level 3. HP: 33/33 MP: 3/3
  1029 | D:2      | Reached skill level 4 in Fighting
  1879 | D:2      | Reached XP level 4. HP: 41/41 MP: 4/4
  2009 | D:2      | Found a radiant altar of Vehumet.
  2344 | D:3      | Reached skill level 5 in Fighting
  2344 | D:3      | Reached XP level 5. HP: 19/48 MP: 5/5
  3101 | D:3      | Found a sparkling altar of Nemelex Xobeh.
  3108 | D:3      | Found a blossoming altar of Fedhas.
  3108 | D:3      | Found a sacrificial altar of Ru.
  3255 | D:3      | Reached skill level 6 in Fighting
  3255 | D:3      | Reached XP level 6. HP: 23/57 MP: 6/6
  3265 | D:3      | HP: 2/57 [gnoll/halberd (8)]
  3273 | D:3      | Slain by a gnoll

Skill      XL: |  1  2  3  4  5 |
---------------+----------------+-----
Axes           | 3 4 |  4.9
Fighting       | 4 5 6 |  6.1
Armour         | 4 |  4.3
Shields        | |  3.9

Action                   |  1- 3 |  4- 6 || total
-------------------------+-------+-------++-------
Melee: War axe           |   123 |   147 ||   270
  Use: Potion            |       |     2 ||     2
  Eat: Chunk             |     3 |     4 ||     7
Armor: Scale mail        |    62 |    72 ||   134
Dodge: Dodged            |    47 |    50 ||    97
Block: Shield            |    72 |    82 ||   154
